 Dungeon Crawl Stone Soup version 0.14.2 (webtiles) character file.

1034 KristoblXynda the Prestidigitator (level 7, 0/32 HPs)
             Began as a Spriggan Artificer on Nov 25, 2017.
             Slain by a killer bee (1 damage)
             ... on Level 5 of the Dungeon.
             The game lasted 00:15:25 (6563 turns).

KristoblXynda the Prestidigitator (SpAr)            Turns: 6563, Time: 00:15:25

HP   0/32        AC  8     Str  8      XL: 7   Next: 86%
MP   0/21        EV 19     Int 15      God:
Gold 100         SH  0     Dex 16      Spells:  0 memorised,  6 levels left

rFire  . . .     SeeInvis +     s - +2,+1 short sword (protect)
rCold  . . .     Clarity  .     e - +1 robe
rNeg   . . .     Conserve .     (shield restricted)
rPois  .         rCorr    .     (helmet restricted)
rElec  .         rRot     .     (no cloak)
SustAb . .       Spirit   +     (gloves unavailable)
rMut   .         Warding  .     (boots unavailable)
Saprov . . .     Stasis   .     b - amulet of guardian spirit
MR     +....                    (no ring)
                                (no ring)

@: lethally poisoned, very quick, somewhat resistant to hostile enchantments,
very stealthy
A: unfitting armour, see invisible, herbivore 3, speed 3, slow metabolism 2
a: no special abilities


You were on level 5 of the Dungeon.
You were very full.

You visited 1 branch of the dungeon, and saw 5 of its levels.

You collected 160 gold pieces.
You spent 60 gold pieces at shops.

Inventory:

Hand weapons
 s - a +2,+1 short sword of protection (weapon)
Missiles
 h - 2 throwing nets
 o - 2 tomahawks of returning (quivered)
Armour
 e - a +1 robe (worn)
Magical devices
 a - a wand of frost (6)
 c - a wand of enslavement (8)
 d - a wand of random effects (9)
 u - a wand of lightning (7)
Comestibles
 j - a choko
 p - 3 bread rations
Scrolls
 g - a scroll of enchant armour
 k - 2 scrolls of enchant weapon I
 q - a scroll of identify
Jewellery
 b - an amulet of guardian spirit (around neck)
 n - an uncursed ring of regeneration
Potions
 m - a potion of might
Books
 l - a book of Transfigurations

   Spells                             Type                      Level
   Stoneskin                          Transmutation/Earth          2
   Ice Form                           Ice/Transmutation            4
   Statue Form                        Transmutation/Earth          6
   Dragon Form                        Transmutation                7


   Skills:
 - Level 0.7 Fighting
 - Level 5.0 Short Blades
 - Level 4.0 Dodging
 + Level 8.1 Stealth
 + Level 8.8 Evocations


You had 6 spell levels left.
You didn't know any spells.

Dungeon Overview and Level Annotations

Branches:
Dungeon (5/15)
 Temple: D:4-7

Altars:
Okawaru

Shops:
D:5 **


Innate Abilities, Weirdness & Mutations

You are tiny and cannot use many weapons and most armour.
You have supernaturally acute eyesight.
You are a herbivore.
You cover ground extremely quickly.
You need consume almost no food.


Message History

The killer bee poisons you!
Your killer bee closely misses the killer bee.
Your killer bee misses the killer bee.
The killer bee closely misses you.
Drink which item? (? for menu, Esc to quit)
That potion was really gluggy!
* * * LOW HITPOINT WARNING * * *
You feel sick.
Your killer bee misses the killer bee.
Your killer bee misses the killer bee.
The killer bee stings you.
* * * LOW HITPOINT WARNING * * *
You are more poisoned.
The killer bee poisons you!
Your killer bee misses the killer bee.
Your killer bee closely misses the killer bee.
The killer bee completely misses you.
You barely miss the killer bee.
The killer bee is heavily wounded.
* * * LOW HITPOINT WARNING * * *
You feel sick.
Your killer bee misses the killer bee.
Your killer bee stings the killer bee!
The killer bee is poisoned.
Your killer bee poisons the killer bee!
The killer bee stings you.
You die...

## #. #. ##### #.
#.@.# ### #.kk#
#.. #.k%#########
#.. ##.....##...#
#.. #.....##...#
####.
#.....##...###....
#...####.....#....
#....###..........
#......#..........


You could see a killer bee and 2 friendly killer bees.

Vanquished Creatures
  Prince Ribbit (D:4)
  A centaur (D:5)
  An ogre (D:5)
  A killer bee (D:5)
  A crimson imp (D:5)
  3 hounds
  An orc priest (D:4)
  An orc wizard (D:4)
  2 iguanas (D:5)
  2 worker ants (D:5)
  Ijyb (D:3)
  3 adders
  9 gnolls
  3 giant mites
  2 worms
  An adder zombie (D:5)
  An adder skeleton (D:5)
  3 giant geckos
  2 oozes
  4 orcs
  8 bats
  A bat skeleton (D:4)
  3 giant cockroaches
  A gnoll zombie (D:5)
  13 hobgoblins
  10 jackals
  A quokka (D:3)
  A ball python (D:3)
  4 giant newts
  11 goblins
  A hobgoblin skeleton (D:5)
  13 kobolds
  13 rats
  A plant (D:5)
124 creatures vanquished.

Vanquished Creatures (collateral kills)
  A killer bee (D:5)
  An orc (D:4)
2 creatures vanquished.

Grand Total: 126 creatures vanquished

Notes
Turn   | Place    | Note
--------------------------------------------------------------
     0 | D:1      | KristoblXynda, the Spriggan Artificer, began the quest for the Orb.
     0 | D:1      | Reached XP level 1. HP: 9/9 MP: 2/2
   168 | D:1      | Reached XP level 2. HP: 9/14 MP: 5/5
  1584 | D:2      | Reached XP level 3. HP: 9/17 MP: 8/8
  1885 | D:2      | Reached skill level 5 in Evocations
  2458 | D:3      | Reached XP level 4. HP: 9/21 MP: 11/11
  2627 | D:3      | Found an iron altar of Okawaru.
  2901 | D:3      | Noticed Ijyb
  2938 | D:3      | Killed Ijyb
  3251 | D:3      | Reached XP level 5. HP: 25/25 MP: 14/14
  3295 | D:3      | Reached skill level 6 in Evocations
  4035 | D:4      | Reached skill level 5 in Stealth
  4756 | D:4      | Noticed Prince Ribbit
  4769 | D:4      | Killed Prince Ribbit
  4769 | D:4      | Reached skill level 7 in Evocations
  4769 | D:4      | Reached XP level 6. HP: 29/29 MP: 16/18
  5458 | D:4      | Reached XP level 7. HP: 32/32 MP: 20/20
  5542 | D:5      | Entered Level 5 of the Dungeon
  5726 | D:5      | Found Dagug's Assorted Antiques.
  5928 | D:5      | Bought a scroll of identify for 60 gold pieces
  5987 | D:5      | Reached skill level 8 in Evocations
  6268 | D:5      | Reached skill level 5 in Short Blades
  6296 | D:5      | Found Etuguidi's Assorted Antiques.
  6563 | D:5      | HP: 1/32 [poisoned by a killer bee]
  6563 | D:5      | Slain by a killer bee

Action                   |  1- 3 |  4- 6 |  7- 9 || total
-------------------------+-------+-------+-------++-------
Melee: Short sword       |   155 |   270 |   236 ||   661
Throw: Dart              |    56 |    49 |       ||   105
       Throwing net      |       |     1 |       ||     1
       Tomahawk          |       |       |     1 ||     1
Evoke: Wand              |     5 |    17 |    15 ||    37
  Use: Potion            |     1 |     2 |     2 ||     5
       Scroll            |       |     8 |     6 ||    14
 Stab: Sleeping          |     3 |     3 |     4 ||    10
       Distracted        |     1 |       |       ||     1
